 Dungeon Crawl Stone Soup version 0.22-a0-136-g83a10e5 (webtiles) character file.

112 Alarkh the Insei (level 4, -1/30 HPs)
             Began as an Octopode Transmuter on Feb 4, 2018.
             Slain by an orc
             ... wielding a +0 mace
              (3 damage)
             ... on level 3 of the Dungeon.
             The game lasted 00:03:38 (2006 turns).

Alarkh the Insei (Octopode Transmuter)              Turns: 2006, Time: 00:03:39

Health: -1/30      AC:  2    Str:  9    XL:     4   Next: 95%
Magic:  5/7        EV: 21    Int: 16    God:
Gold:   150        SH:  0    Dex: 17    Spells: 1/7 levels left

rFire    . . .     SeeInvis .     - Unarmed
rCold    . . .     Gourm    .   (shield currently unavailable)
rNeg     . . .     Faith    .   (helmet currently unavailable)
rPois    x         Spirit   .   m - amulet of magic regeneration
rElec    .         Reflect  .   (no ring)
rCorr    .         Harm     .   (no ring)
MR       .....                  (no ring)
Stlth    ++........             (no ring)
HPRegen  0.10/turn              (no ring)
MPRegen  0.35/turn              (no ring)
                                (no ring)
                                (no ring)

@: spider-form (expiring), very slightly contaminated, hasted, very quick
A: tiny, almost no armour, stealthy swim, (amphibious), 8 rings, (constrict 8)
a: End Transformation


You were on level 3 of the Dungeon.
You were not hungry.
You were a venomous arachnid creature.
You visited 1 branch of the dungeon, and saw 3 of its levels.

You collected 150 gold pieces.

Inventory:

Missiles
 a - 22 arrows
Jewellery
 m - an amulet of magic regeneration (around neck)
Wands
 n - a wand of flame (53)
Scrolls
 d - a scroll of noise
 e - a scroll of identify
 h - 2 scrolls of random uselessness
 i - 2 scrolls of magic mapping
 j - 2 scrolls of teleportation
 l - a scroll of enchant armour
 t - a scroll of fog {unknown}
Potions
 f - a potion of degeneration {unknown}
 g - a potion of resistance
 k - a potion of mutation
 o - a potion of ambrosia
 p - a potion of haste
 q - a potion of lignification {unknown}
 s - a potion of flight {unknown}
Books
 b - a book of Changes

   Spells                             Type                      Level
   a - Beastly Appendage              Transmutation                1
   b - Sticks to Snakes               Transmutation                2
   c - Spider Form                    Transmutation/Poison         3
   d - Ice Form                       Ice/Transmutation            4
   e - Blade Hands                    Transmutation                5
Comestibles
 c - 6 rations
 r - a chunk of flesh


   Skills:
 + Level 2.3 Fighting
 + Level 3.0 Dodging
 * Level 4.3 Unarmed Combat
 - Level 2.0 Spellcasting
 - Level 2.0 Transmutations


You had one spell level left.
You knew the following spells:

 Your Spells              Type           Power        Failure   Level  Hunger
a - Spider Form           Tmut/Pois      #.........   61%         3    ###....
b - Beastly Appendage     Tmut           #.....       22%         1    #......
c - Sticks to Snakes      Tmut           #.......     32%         2    ###....


Dungeon Overview and Level Annotations

Branches:
Dungeon (3/15)

Altars:
Okawaru
Wu Jian


Innate Abilities, Weirdness & Mutations

You cannot wear most types of armour.
You are very stealthy in the water. (Stealth+)
((You are amphibious.))
You can wear up to eight rings at the same time.
((You can use your tentacles to constrict eight enemies at once.))
((Your skin changes colour to match your surroundings (Stealth+).))
((Your rubbery body absorbs attacks. (AC +1, EV +1)))


Message History

The orc barely misses you. x2
It was a potion of haste.
You feel yourself speed up. The orc priest closely misses you.
The orc completely misses you. The orc misses you. x2
You barely miss the orc priest.
The orc priest is severely wounded.
The orc priest hits you but does no damage.
You hit the orc priest but do no damage.
The orc priest looks as sick as possible!
The orc priest is severely wounded.
The orc barely misses you. x2; The orc misses you.
You hit the orc priest.
The orc priest looks as sick as possible!
The orc priest is almost dead.
The orc priest completely misses you.
You bite the orc priest!
You kill the orc priest!
Your Dodging skill increases to level 3!
The orc misses you. The orc hits you with a mace.
You die...

****####* ######### *,,,....###*
####.......#* *,,,...<...*
#..........#* *,,,.......*
###..........##
*,,,.......###............##
*,,,......oo..............##
*******#....)so...............
*,,,,**#####..................
*,,,,,,,,,,#.....###.#....)<..
*,,,,,,,,,,#.....###.#.....(..
****,,,,,,,,,,#..................
*,,,,,,,,,,,,,#.###...........#..
*,,,,,,,,...,,#.* #..............
*,,,,,,,,....,#.* #..............
*,,,,,,,>.....#.#######..........


You could see 3 orcs.

Vanquished Creatures
  An orc priest (D:3)
  An adder (D:2)
  2 oozes
  2 worms
  3 dart slugs
  A leopard gecko (D:2)
  An orc (D:3)
  2 giant cockroaches
  6 goblins
  6 hobgoblins
  4 jackals (D:1)
  9 kobolds
  6 bats
  4 frilled lizards
  2 rats
50 creatures vanquished.

Notes
Turn   | Place    | Note
-------+----------+-------------------------------------------
     0 | D:1      | Alarkh the Octopode Transmuter began the quest for the Orb.
     0 | D:1      | Reached XP level 1. HP: 13/13 MP: 3/3
    62 | D:1      | Reached XP level 2. HP: 7/18 MP: 3/5
   361 | D:1      | Reached XP level 3. HP: 18/23 MP: 4/6
   534 | D:1      | Learned a level 3 spell: Spider Form
   537 | D:1      | Learned a level 2 spell: Sticks to Snakes
  1567 | D:2      | Reached skill level 4 in Unarmed Combat
  1567 | D:2      | Reached XP level 4. HP: 29/29 MP: 3/7
  1649 | D:2      | Found an ornate altar of the Wu Jian Council.
  1836 | D:3      | Found an iron altar of Okawaru.
  2006 | D:3      | Slain by an orc

Vault maps used:
D:1:      dpeg_arrival_signposts, corner_web_ring, hangedman_decor_points
D:2:      lemuel_doored_altar
D:3:      lemuel_crystal_altar, nicolae_overflow_hidden_temple, first_ration

Skill      XL: |  1  2  3  4 |
---------------+-------------+-----
Unarmed Combat | 4 |  4.3
Fighting       | 2 |  2.3
Dodging        | 3 |  3.0
Spellcasting   | |  2.0
Transmutations | |  2.0

Action                   |  1- 3 |  4- 6 || total
-------------------------+-------+-------++-------
Melee: Unarmed           |    76 |    42 ||   118
       Constrict         |    15 |     2 ||    17
       Tentacles         |     6 |     2 ||     8
       Kick              |     5 |       ||     5
 Cast: Beastly Appendage |     9 |       ||     9
       Spider Form       |     6 |     3 ||     9
  Use: Scroll            |       |     8 ||     8
       Potion            |       |     1 ||     1
 Stab: Sleeping          |     4 |     1 ||     5
  Eat: Chunk             |     3 |     2 ||     5
Armor: Skin              |     6 |     5 ||    11
Dodge: Dodged            |    44 |    47 ||    91

Table legend:
 A = Spawn XP
 B = Non-spawn XP
 C = Spawn XP percentage of total XP
 D = Spawn monster count
 E = Non-spawn monster count
 F = Spawn count percentage of total count
 G = Total turns spent on level
                    A         B        C        D         E        F      G
               +---------+---------+-------+---------+---------+-------+---------
         Total |       0 |     161 |   0.0 |       0 |      50 |   0.0 |  2006
               +---------+---------+-------+---------+---------+-------+---------
           D:1 |       0 |      49 |   0.0 |       0 |      22 |   0.0 |  1234
           D:2 |       0 |      40 |   0.0 |       0 |      15 |   0.0 |   527
           D:3 |       0 |      72 |   0.0 |       0 |      13 |   0.0 |   245
               +---------+---------+-------+---------+---------+-------+---------
